Map: Ruins of Seras

Players

Caevrane

  • Race: Terran Terran

Kantuva

  • Race: Terran Terran

Maddi

  • Race: Protoss Protoss

Midday

  • Race: Protoss Protoss

VOD

Have the link to the VOD?

Description

Time

  • Played on: April 1, 2015, 11:57 p.m.
  • Length: 5:11
Show
View Real Time Build Order
Export as new Build Order

Caevrane Terran 

Build Orders: Command Center First (CC) 

Get SALT Encoding   

  12  0:02  SCV  
  13  0:14  SCV  
  14  0:26  SCV  
  15  0:30  Supply Depot  
  15  0:39  Refinery  
  15  0:52  SCV  
  16  1:04  SCV  
  16  1:07  Command Center  
  17  1:16  SCV  
  18  1:25  Barracks  
  18  1:28  SCV  
  18  1:31  Refinery  
  19  1:40  SCV  
  20  1:48  Supply Depot  
  20  1:52  SCV  
  20  1:53  Refinery  
  21  2:04  SCV  
  22  2:18  Orbital Command  
  22  2:20  Reaper  
  22  2:24  Orbital Command  
  22  2:38  Factory  
  22  2:52  SCV x2  
  22  2:53  Barracks Tech Lab  
  24  3:04  SCV  
  25  3:20  Factory  
  25  3:24  SCV x2  
  25  3:26  Barracks Reactor  
  26  3:27  Factory Tech Lab  
  26  3:37  Bunker  
  26  3:40  SCV  
  26  3:41  SCV  
  28  3:46  Cyclone  
  31  3:54  SCV x2  
  33  4:14  Marine x2  
  33  4:15  Bunker  
  35  4:21  Cyclone  
  35  4:24  Hellion  
  40  4:30  SCV  
  41  4:32  Marine x2  
  41  4:37  Starport  
  43  4:42  SCV  
  43  4:45  Hellion  
Show
View Real Time Build Order
Export as new Build Order

Kantuva Terran 

Build Orders:  

Get SALT Encoding   

  12  0:10  Pylon  
  12  0:13  Probe  
  13  0:24  Probe  
  14  0:32  Probe  
  14  0:35  Gateway  
  15  0:43  Probe  
  15  0:48  Assimilator  
  16  0:50  Assimilator  
  16  0:55  Probe  
  17  1:03  Pylon  
  17  1:07  Probe  
  18  1:19  Probe  
  18  1:24  Cybernetics Core  
  19  1:31  Probe  
  20  1:43  Probe  
  21  1:54  Probe  
  21  2:00  Stalker  
  21  2:01  Mothership Core, Warp Gate  
  26  2:17  Pylon  
  26  2:22  Twilight Council  
  26  2:23  Probe  
  26  2:25  Blink  
  27  2:32  Stalker  
  29  2:37  Probe  
  30  2:52  Gateway  
  32  3:08  Gateway  
  30  3:20  Gateway  
  30  3:35  Pylon  
  30  3:51  Nexus  
  30  3:56  Pylon  
  30  4:07  Stalker x2  
  34  4:12  Stalker  
  36  4:17  Probe  
  37  4:30  Probe  
  38  4:42  Stalker x2, Probe  
  43  4:48  Stalker  
  45  4:54  Probe  
Show
View Real Time Build Order
Export as new Build Order

Maddi Protoss 

Build Orders:  

Get SALT Encoding   

Show
View Real Time Build Order
Export as new Build Order

Midday Protoss 

Build Orders:  

Get SALT Encoding   

Tags
 
Add a new tag
Caveats
  • Supply blocks, unpowered buildings, or Contaminate may cause inaccurate times.
  • Supply counts are checked every 10 seconds.